 Dungeon Crawl Stone Soup version 0.20.1-1-g8b1a95d (webtiles) character file.

7428 Gitz the Blocker (level 10, -4/94 HPs)
             Began as a Minotaur Fighter on Sept 7, 2017.
             Was a High Priest of Okawaru.
             Slain by an orc knight
             ... wielding a +0 scimitar
              (19 damage)
             ... on level 10 of the Dungeon.
             The game lasted 00:25:35 (7300 turns).

Gitz the Blocker (Minotaur Fighter)                 Turns: 7300, Time: 00:25:36

Health: -4/94      AC: 19    Str: 26    XL:     10   Next: 93%
Magic:  17/18      EV:  8    Int:  7    God:    Okawaru [*****.]
Gold:   479        SH: 21    Dex: 13    Spells: 9/9 levels left

rFire    . . .     SeeInvis .   q - +2 flail (protect)
rCold    . . .     Gourm    +   s - +1 large shield
rNeg     . . .     Faith    .   O - +4 chain mail {rPois}
rPois    +         Spirit   .   (helmet restricted)
rElec    .         Reflect  .   (no cloak)
rCorr    .         Harm     .   G - +0 pair of gloves
MR       .....                  (no boots)
Stlth    ..........             j - amulet of the gourmand
Regen    0.3/turn               K - ring of Jifyil {MP+9 Str+4 Dex+3}
MPRegen  0.2/turn               L - ring of wizardry

@: protection aura
A: retaliatory headbutt, horns 2, clever 1, deformed body, robust 1, weak 1,
MP-powered wands
a: Heroism, Finesse, Renounce Religion


You were on level 10 of the Dungeon.
You worshipped Okawaru.
Okawaru was extremely pleased with you.
You were completely stuffed.

You visited 1 branch of the dungeon, and saw 10 of its levels.

You collected 479 gold pieces.

Inventory:

Hand Weapons
 q - a +2 flail of protection (weapon)
Missiles
 g - 6 tomahawks of returning (quivered)
Armour
 s - a +1 large shield (worn)
 G - a +0 pair of gloves (worn)
 O - a +4 chain mail of poison resistance (worn)
Jewellery
 j - an amulet of the gourmand (around neck)
 K - the ring of Jifyil (left hand) {MP+9 Str+4 Dex+3}
   (You found it on level 8 of the Dungeon)

   [ring of magical power]

   It affects your strength (+4).
   It affects your dexterity (+3).
   It affects your magic capacity (+9).
 L - a ring of wizardry (right hand)
Wands
 y - a wand of paralysis (9/24)
 H - a wand of disintegration (5/24)
 I - a wand of flame (32/48)
 N - a wand of acid (9/15)
Scrolls
 a - a scroll of fear {unknown}
 e - 3 scrolls of fog
 i - 3 scrolls of enchant armour
 k - a scroll of blinking {unknown}
 l - 2 scrolls of amnesia {unknown}
 m - 2 scrolls of remove curse
 n - 4 scrolls of immolation {unknown}
 p - 8 scrolls of teleportation
 r - a scroll of noise {unknown}
 B - 4 scrolls of identify
 D - a scroll of vulnerability {unknown}
 F - 2 scrolls of magic mapping {unknown}
 M - a scroll of random uselessness {unknown}
Potions
 c - a potion of magic
 d - 3 potions of might
 o - 5 potions of heal wounds
 u - 4 potions of brilliance
 v - a potion of cancellation
 w - 3 potions of haste
 z - 2 potions of curing {unknown}
Books
 b - a book of Necromancy

   Spells                             Type                      Level
   a - Pain                           Necromancy                   1
   b - Animate Skeleton               Necromancy                   1
   c - Vampiric Draining              Necromancy                   3
   d - Regeneration                   Charms/Necromancy            3
   e - Animate Dead                   Necromancy                   4
   f - Control Undead                 Necromancy                   4
 t - a Young Poisoner's Handbook

   Spells                             Type                      Level
   a - Sting                          Conjuration/Poison           1
   b - Poisonous Vapours              Poison/Air                   2
   c - Mephitic Cloud                 Conjuration/Poison/Air       3
   d - Olgreb's Toxic Radiance        Poison                       4
   e - Venom Bolt                     Conjuration/Poison           5
 x - a book of Conjurations

   Spells                             Type                      Level
   a - Magic Dart                     Conjuration                  1
   b - Searing Ray                    Conjuration                  2
   c - Dazzling Spray                 Conjuration/Hexes            3
   d - Fulminant Prism                Conjuration/Hexes            4
   e - Force Lance                    Conjuration/Translocation    4
   f - Iskenderun's Mystic Blast      Conjuration                  4
 E - the Volume of Dramatic Exits
   (You found it on level 6 of the Dungeon)

   Spells                             Type                      Level
   a - Spectral Weapon                Hexes/Charms                 3
   b - Irradiate                      Conjuration/Transmutation    5
   c - Metabolic Englaciation         Hexes/Ice                    5
   d - Blade Hands                    Transmutation                5
 P - a book of Spatial Translocations

   Spells                             Type                      Level
   a - Blink                          Translocation                2
   b - Shroud of Golubria             Charms/Translocation         2
   c - Lesser Beckoning               Translocation                3
   d - Gell's Gravitas                Translocation                3
   e - Teleport Other                 Translocation                3
   f - Passage of Golubria            Translocation                4
Comestibles
 f - 9 bread rations
 h - 6 royal jellies
 A - a fruit
 C - 5 meat rations
 J - 10 chunks of flesh


   Skills:
 + Level 7.1 Fighting
 + Level 11.1 Maces & Flails
 + Level 8.0 Armour
 + Level 3.4 Dodging
 - Level 1.0 Stealth
 * Level 13.4 Shields


You had 9 spell levels left.
You didn't know any spells.

Dungeon Overview and Level Annotations

Branches:
Dungeon (10/15)            Temple (0/1) D:4
   Lair: D:8-11         Orc: D:9-12

Altars:
Ashenzari
Cheibriados
Dithmenos
Gozag
Okawaru
Ru
Trog
Xom
Yredelemnul
The Shining One

Shops:
D:9 (


Innate Abilities, Weirdness & Mutations

You reflexively headbutt those who attack you in melee.
You have a pair of horns on your head.
Your mind is acute. (Int +2)
Armour fits poorly on your strangely shaped body.
You are robust. (+10% HP)
You are weak. (Str -2)
You expend magic power (3 MP) to strengthen your wands.


Message History

You are too injured to fight recklessly!
Unknown command.
You are too injured to fight recklessly!
Unknown command.
You are too injured to fight recklessly!
You are too injured to fight recklessly!
Unknown command.
You bludgeon the wizard!!
The wizard is heavily wounded.
You block the orc knight's attack. The wizard hits you but does no damage.
You block the orc knight's attack. The wizard blocks your attack.
The wizard is heavily wounded.
You feel like a meek peon again. You block the orc knight's attack. x2
You thump the wizard! Your headbutt misses the wizard.
The wizard is severely wounded.
You block the orc knight's attack. The wizard hits you but does no damage.
The orc knight hits you with a scimitar!!
You die...

############
#..........#
########..........#
###.....##..........#
....................###
......###>............
#..###oo# ######'#######
...#(#.@###### #.#######
...###op.....# #........
............# ###....รท#
............#####.....#
.......................#
#......................#
#......................#
#......................#
......................#


You could see 3 orc knights, a wizard and an enchanted great sword.

Vanquished Creatures
  3 two-headed ogres
  Joseph (D:7)
  2 trolls (D:10)
  A hippogriff (D:8)
  2 wyverns
  6 yaks (D:9)
  A sky beast (D:8)
  An ice beast (D:5)
  2 orc warriors (D:8)
  2 necrophages
  3 phantoms
  4 ogres
  5 centaurs
  2 big kobolds
  2 bullfrogs (D:7)
  A scorpion (D:9)
  A water moccasin skeleton (D:8)
  4 howler monkeys
  4 wights (D:6)
  The ghost of letownia the Insei, a weakling OpTm (D:4)
  4 crimson imps
  2 bullfrog zombies
  3 jellies
  4 hounds
  2 orc priests
  A bullfrog skeleton (D:9)
  6 orc wizards
  4 iguanas
  4 worker ants
  Natasha (thrice) (D:2)
  A hound zombie (D:5)
  A hound skeleton (D:4)
  A worker ant zombie (D:9)
  5 gnolls
  10 adders
  An ooze (D:1)
  An adder skeleton (D:6)
  2 worms (D:2)
  3 dart slugs
  6 leopard geckos
  28 orcs
  8 bats
  7 giant cockroaches
  3 goblins
  4 hobgoblins
  8 jackals
  13 kobolds
  3 quokkas
  6 frilled lizards
  A giant cockroach zombie (D:5)
  A jackal zombie (D:7)
  A quokka zombie (D:5)
  5 rats
200 creatures vanquished.

Notes
Turn   | Place    | Note
-------+----------+-------------------------------------------
     0 | D:1      | Gitz the Minotaur Fighter began the quest for the Orb.
     0 | D:1      | Reached XP level 1. HP: 19/19 MP: 0/0
   123 | D:1      | Reached XP level 2. HP: 27/27 MP: 1/1
   252 | D:1      | Reached skill level 4 in Shields
   486 | D:2      | Reached XP level 3. HP: 33/33 MP: 2/2
   511 | D:2      | Reached skill level 1 in Dodging
   797 | D:2      | Reached XP level 4. HP: 26/40 MP: 3/3
   939 | D:2      | Noticed Natasha
   945 | D:2      | Killed Natasha
   946 | D:2      | Found an iron altar of Okawaru.
   955 | D:2      | Became a worshipper of Warmaster Okawaru
  1190 | D:2      | Noticed Natasha
  1200 | D:2      | Killed Natasha
  1200 | D:2      | Reached XP level 5. HP: 28/46 MP: 4/4
  1202 | D:2      | Noticed Natasha
  1210 | D:2      | Killed Natasha
  2439 | D:4      | Reached XP level 6. HP: 53/53 MP: 5/5
  2465 | D:4      | Reached skill level 5 in Armour
  2465 | D:4      | Reached skill level 1 in Stealth
  2466 | D:4      | Reached skill level 5 in Shields
  2604 | D:4      | Noticed letownia's ghost (weakling OpTm)
  2613 | D:4      | Killed letownia's ghost
  2613 | D:4      | Reached * piety under Okawaru
  2613 | D:4      | Reached skill level 5 in Maces & Flails
  2645 | D:4      | Found a shattered altar of Ashenzari.
  2745 | D:4      | Found a staircase to the Ecumenical Temple.
  2851 | D:4      | Reached XP level 7. HP: 60/60 MP: 6/6
  3087 | D:4      | Gained mutation: You have a pair of large horns on your head. [potion of mutation]
  3087 | D:4      | Gained mutation: You do not regenerate when monsters are visible. [potion of mutation]
  3087 | D:4      | Gained mutation: You tend to lose your temper in combat. [potion of mutation]
  3087 | D:4      | Gained mutation: You are surrounded by a mild repulsion field. (EV +2) [potion of mutation]
  3104 | D:5      | Entered Level 5 of the Dungeon
  3225 | D:5      | Reached skill level 6 in Shields
  3382 | D:5      | Reached ** piety under Okawaru
  3623 | D:5      | Reached skill level 7 in Shields
  3623 | D:5      | Reached XP level 8. HP: 52/67 MP: 7/7
  3883 | D:6      | You fall through a shaft!
  4024 | D:6      | Reached skill level 5 in Fighting
  4032 | D:6      | Found a snail-covered altar of Cheibriados.
  4083 | D:6      | Reached skill level 8 in Shields
  4116 | D:6      | Lost mutation: You have a pair of large horns on your head. [potion of mutation]
  4116 | D:6      | Lost mutation: You tend to lose your temper in combat. [potion of mutation]
  4116 | D:6      | Lost mutation: You do not regenerate when monsters are visible. [potion of mutation]
  4116 | D:6      | Lost mutation: You are surrounded by a mild repulsion field. (EV +2) [potion of mutation]
  4116 | D:6      | Gained mutation: You are robust. (+10% HP) [potion of mutation]
  4116 | D:6      | Gained mutation: Your mind is acute. (Int +2) [potion of mutation]
  4153 | D:6      | Identified the Volume of Dramatic Exits
  4399 | D:7      | Reached *** piety under Okawaru
  4423 | D:7      | Reached skill level 9 in Shields
  4601 | D:7      | Noticed Joseph
  4607 | D:7      | Killed Joseph
  4607 | D:7      | Reached XP level 9. HP: 72/82 MP: 8/8
  5176 | D:8      | Reached skill level 10 in Shields
  5179 | D:8      | Reached **** piety under Okawaru
  5316 | D:8      | Gained mutation: You expend magic power (3 MP) to strengthen your wands. [mutagenic meat]
  5326 | D:8      | Gained mutation: You tend to lose your temper in combat. [mutagenic meat]
  5327 | D:8      | Lost mutation: You tend to lose your temper in combat. [mutagenic meat]
  5328 | D:8      | Gained mutation: You are weak. (Str -2) [mutagenic meat]
  5329 | D:8      | Gained mutation: Armour fits poorly on your strangely shaped body. [mutagenic meat]
  5471 | D:8      | Found an opulent altar of Gozag.
  5501 | D:8      | Noticed a two-headed ogre
  5510 | D:8      | Killed a two-headed ogre
  5524 | D:8      | Reached skill level 11 in Shields
  5615 | D:8      | Got a fine platinum ring
  5616 | D:8      | Identified the ring of Jifyil {MP+9 Str+4 Dex+3} (You found it on level 8 of the Dungeon)
  5636 | D:8      | Reached ***** piety under Okawaru
  5992 | D:8      | Reached XP level 10. HP: 91/91 MP: 9/9
  6020 | D:8      | Found a bloodstained altar of Trog.
  6024 | D:8      | Found a basalt altar of Yredelemnul.
  6024 | D:8      | Found a shimmering altar of Xom.
  6032 | D:8      | Found a shadowy altar of Dithmenos.
  6035 | D:8      | Found a glowing golden altar of the Shining One.
  6238 | D:9      | Found a sacrificial altar of Ru.
  6259 | D:9      | Reached skill level 10 in Maces & Flails
  6283 | D:9      | Reached skill level 12 in Shields
  6299 | D:9      | Found Kealotoc's Weapon Boutique.
  6503 | D:9      | Noticed a two-headed ogre
  6507 | D:9      | Noticed a two-headed ogre
  6511 | D:9      | Killed a two-headed ogre
  6511 | D:9      | Received a gift from Okawaru
  6517 | D:9      | Killed a two-headed ogre
  6517 | D:9      | Reached skill level 13 in Shields
  7183 | D:10     | Entered Level 10 of the Dungeon
  7283 | D:10     | Noticed an enchanted great sword
  7285 | D:10     | Noticed an orc knight
  7285 | D:10     | Noticed an orc knight
  7285 | D:10     | Noticed a wizard
  7286 | D:10     | Noticed an orc knight
  7300 | D:10     | Slain by an orc knight

Skill      XL: |  1  2  3  4  5  6  7  8  9 10 |
---------------+-------------------------------+-----
Fighting       | 4 5 6 7 |  7.1
Shields        | 4 5 7 9 11 13 | 13.4
Armour         | 4 5 6 7 8 |  8.0
Dodging        | 1 2 3 |  3.4
Maces & Flails | 3 4 5 6 8 9 11 | 11.1
Stealth        | 1 |  1.0

Action                   |  1- 3 |  4- 6 |  7- 9 | 10-12 || total
-------------------------+-------+-------+-------+-------++-------
Melee: Flail             |    91 |   186 |   286 |   179 ||   742
       Headbutt          |    15 |    20 |    49 |    47 ||   131
Invok: Heroism           |       |       |       |     1 ||     1
  Use: Scroll            |       |       |    10 |       ||    10
       Potion            |       |       |     2 |       ||     2
  Eat: Chunk             |       |     7 |    27 |     8 ||    42
Armor: Scale mail        |    33 |    76 |       |       ||   109
       Chain mail        |       |     7 |    84 |    15 ||   106
       Plate armour      |       |       |     4 |    19 ||    23
Dodge: Dodged            |    36 |    54 |    38 |    17 ||   145
Block: Shield            |    53 |    81 |       |       ||   134
       Large shield      |       |    23 |   253 |   161 ||   437
